 Dungeon Crawl Stone Soup version 0.24-a0-201-gf205589 (webtiles) character file.

Game seed: 49989007197267105

8803 Espgualade the Destroyer (level 11, -10/60 HPs)
             Began as a Tengu Ice Elementalist on Mar 23, 2019.
             Was a Priest of Vehumet.
             Mangled by a seven-headed hydra (11 damage)
             ... on level 2 of the Lair of Beasts on Mar 24, 2019.
             The game lasted 01:01:40 (16186 turns).

Espgualade the Destroyer (Tengu Ice Elementalist)  Turns: 16186, Time: 01:01:41

Health: -10/60     AC:  4    Str: 11    XL:     11   Next: 36%
Magic:  7/24       EV: 20    Int: 20    God:    Vehumet [***...]
Gold:   907        SH:  0    Dex: 14    Spells: 9/27 levels left

rFire    . . .     SeeInvis .   b - +3 dagger (speed)
rCold    . . .     Gourm    .   (no shield)
rNeg     . . .     Faith    .   a - +1 robe
rPois    .         Spirit   .   (helmet restricted)
rElec    .         Reflect  .   (no cloak)
rCorr    .         Harm     .   F - +0 pair of gloves {Str+3}
MR       .....                  (boots unavailable)
Stlth    ++........             (no amulet)
HPRegen  0.20/turn              n - ring of wizardry
MPRegen  0.19/turn              s - +2 ring of evasion

@: flying quickly and evasively, quick
A: beak, talons 3, able to fly
a: Stop Flying, Renounce Religion


You were on level 2 of the Lair of Beasts.
You worshipped Vehumet.
Vehumet was most pleased with you.
You were not hungry.

You visited 3 branches of the dungeon, and saw 13 of its levels.
You also visited: Ossuary.

You collected 907 gold pieces.

Inventory:

Hand Weapons
 b - a +3 dagger of speed (weapon)
Armour
 a - a +1 robe (worn)
 m - a +2 scale mail of fire resistance
 F - a +0 pair of gloves of strength (worn)
Magical Staves
 w - a cursed staff of cold
 R - an uncursed staff of power {unknown}
Jewellery
 h - an uncursed ring of poison resistance
 n - a ring of wizardry (left hand)
 q - an uncursed ring of protection from fire
 s - a +2 ring of evasion (right hand)
 y - a +5 ring of protection
 C - a cursed ring of attention
 H - an uncursed amulet of magic regeneration
 J - an uncursed ring of ice {unknown}
 L - an uncursed ring of wizardry
 N - a cursed -3 ring of evasion
Wands
 g - a wand of random effects (27)
 l - a wand of enslavement (2)
 I - a wand of acid (13)
 O - a wand of disintegration (9)
Scrolls
 f - 6 scrolls of teleportation
 k - 4 scrolls of amnesia
 x - 2 scrolls of enchant armour
 z - 2 scrolls of remove curse
 D - a scroll of fog
 G - a scroll of enchant weapon
 M - a scroll of acquirement {unknown}
 Q - a scroll of fear
Potions
 d - a potion of might
 e - 2 potions of flight
 i - a potion of mutation
 j - 5 potions of curing
 o - 2 potions of haste
 p - a potion of cancellation
 t - a potion of agility
 u - 4 potions of invisibility
 v - 2 potions of ambrosia
 A - 2 potions of resistance
 B - 2 potions of brilliance
 E - a potion of berserk rage
 K - 4 potions of heal wounds
Miscellaneous
 r - a box of beasts
Comestibles
 c - 19 rations
 P - a chunk of flesh


   Skills:
 - Level 3.0 Fighting
 - Level 6.2 Dodging
 - Level 2.0 Stealth
 + Level 8.8 Spellcasting
 - Level 9.9 Conjurations
 - Level 7.0 Summonings
 - Level 9.0 Ice Magic


You had 9 spell levels left.
You knew the following spells:

 Your Spells              Type           Power        Failure   Level  Hunger
a - Freeze                Ice            ####         1%          1    None
b - Throw Frost           Conj/Ice       #####.       1%          2    None
c - Ozocubu's Armour      Chrm/Ice       ####....     1%          3    None
d - Throw Icicle          Conj/Ice       #####...     1%          4    ###....
e - Summon Ice Beast      Ice/Summ       #####...     1%          4    ###....
f - Fulminant Prism       Conj/Hex       ####......   1%          4    ###....

Your spell library contained the following spells:

 Spells                   Type           Power        Failure   Level  Hunger
 Static Discharge         Conj/Air       ####....     1%          3    None
 Magic Dart               Conj           ####         1%          1    None
 Searing Ray              Conj           #####.       1%          2    None
 Dazzling Spray           Conj/Hex       ####..       1%          3    None
 Force Lance              Conj/Tloc      ####....     1%          4    ###....
 Iskenderun's Mystic Bla  Conj           #####...     1%          4    ###....
 Beastly Appendage        Tmut           #.....       3%          1    None
 Confusing Touch          Hex            #.....       3%          1    None
 Sticks to Snakes         Tmut           #.......     4%          2    None
 Ice Form                 Ice/Tmut       ####....     4%          4    ###....
 Confuse                  Hex            #.......     10%         3    None
 Gell's Gravitas          Tloc           #.........   10%         3    None
 Spider Form              Tmut/Pois      #.........   10%         3    None
 Metabolic Englaciation   Hex/Ice        ####......   14%         5    #####..
 Yara's Violent Unravell  Hex/Tmut       #.........   22%         5    #####..
 Petrify                  Tmut/Erth      #.......     30%         4    ###....
 Blade Hands              Tmut           #.........   61%         5    #####..


Dungeon Overview and Level Annotations

Branches:
Dungeon (10/15)            Temple (1/1) D:6            Lair (2/6) D:10
  Snake (0/4) Lair:2          Orc (0/2) D:10
  Swamp: Lair:2-4    Shoals: Lair:2-4

Altars:
Ashenzari
Cheibriados
Dithmenos
Elyvilon
Fedhas
Gozag
Hepliaklqana
Kikubaaqudgha
Makhleb
Nemelex Xobeh
Okawaru
Qazlal
Ru
Sif Muna
Trog
Uskayaw
Vehumet
Wu Jian
Xom
Yredelemnul
Zin
The Shining One

Shops:
D:5 !

Annotations:
D:3 Grinder
D:5 2 runed translucent doors, Think's ghost, novice HOWr


Innate Abilities, Weirdness & Mutations

You have a beak for a mouth.
You have claws for feet.
You can fly continuously.


Message History

The seven-headed hydra closely misses you. x2
The seven-headed hydra barely misses you.
Your ice beast hits the seven-headed hydra.
Your ice beast freezes the seven-headed hydra!
The seven-headed hydra seems to slow down.
Casting: Freeze (safe; 1% risk of failure)
Confirm with . or Enter, or press ? or * to list all spells.
Aiming: Freeze (safe; 1% risk of failure)
Press: ? - help, Shift-Dir - straight line, f/p - seven-headed hydra
Aim: a seven-headed hydra (almost dead, slow)
You freeze the seven-headed hydra!
The seven-headed hydra is almost dead.
The seven-headed hydra seems to slow down.
The seven-headed hydra completely misses you.
The seven-headed hydra bites you! x2
* * * LOW HITPOINT WARNING * * *
The seven-headed hydra bites you!
* * * LOW HITPOINT WARNING * * *
The seven-headed hydra bites you!
You die...

..P.....## .# .......##
............. ........#
....#...# #.# .......#
..#....####.##......P#
P.#....#..#.#.##....#
..#..........##....#
#.#...##..#..# #Y.#
......##.....###D##
....#####.#...#P@##
.#### #.#..##P..# .#
#....###..# .######
#....###.P#
......###....P#...##
.###..##...)..P..#.#
.#..#.#..........###
.....#...........#.##
...###..............####


You could see a seven-headed hydra and a friendly ice beast.

Vanquished Creatures
  A two-headed ogre (D:10)
  An unseen horror (D:10)
  A spiny frog (Lair:2)
  4 hippogriffs
  3 yaks (Lair:1)
  Sigmund (D:3)
  A wyvern (D:8)
  A water moccasin (Lair:1)
  An ice beast (D:10)
  A porcupine (Lair:2)
  2 sky beasts
  An orc warrior (D:7)
  3 black bears
  5 ogres
  2 phantoms
  The ghost of Mustard the Gusty, an amateur NaAE (D:3)
  5 centaurs
  3 crocodiles
  9 bullfrogs
  6 scorpions (Ossuary)
  3 troll zombies (D:10)
  A howler monkey (D:4)
  6 wights
  2 bullfrog zombies
  6 crimson imps
  3 jellies
  A centaur zombie (D:9)
  7 orc wizards
  5 hounds
  2 human zombies (Ossuary)
  Ijyb (D:3)
  6 orc priests
  2 iguanas (D:4)
  12 worker ants
  3 ogre zombies (D:10)
  5 big kobold zombies (Ossuary)
  A hound skeleton (D:4)
  4 mummies
  A worker ant zombie (D:9)
  11 adders
  A gnoll (D:9)
  A scorpion zombie (Ossuary)
  3 shadow imps
  A white imp (D:4)
  3 oozes
  2 adder skeletons
  2 dart slugs
  A worm (D:2)
  9 leopard geckos
  21 orcs
  7 bats
  4 giant cockroaches
  13 goblins
  8 hobgoblins
  18 jackals
  5 quokkas
  2 ball pythons (D:4)
  6 frilled lizards
  A goblin skeleton (D:10)
  3 goblin zombies
  3 hobgoblin skeletons (D:10)
  A hobgoblin zombie (D:10)
  8 kobolds
  4 kobold zombies (Ossuary)
  A leopard gecko skeleton (D:4)
  2 orc skeletons (D:10)
  13 orc zombies
  A quokka zombie (D:5)
  8 rats
  A fulminant prism (D:10)
287 creatures vanquished.

Vanquished Creatures (collateral kills)
  A hippogriff (D:10)
  3 yaks (Lair:1)
  A wyvern (D:8)
  A hungry ghost (D:10)
  A phantom (D:10)
  A water moccasin zombie (D:10)
  A gnoll sergeant (D:9)
  4 wights
  A crimson imp (D:10)
  A jelly (D:10)
  An orc priest (D:7)
  2 orc wizards (D:7)
  An ogre zombie (D:10)
  4 gnolls (D:9)
  An orc (D:7)
  A goblin zombie (D:10)
  4 orc zombies (D:10)
29 creatures vanquished.

Vanquished Creatures (others)
  A scorpion (Ossuary)
  11 fulminant prisms
  A plant (Lair:1)
13 creatures vanquished.

Grand Total: 329 creatures vanquished

Notes
Turn   | Place    | Note
-------+----------+-------------------------------------------
     0 | D:1      | Espgualade the Tengu Ice Elementalist began the quest for
                  | the Orb.
     0 | D:1      | Reached XP level 1. HP: 10/10 MP: 4/4
   211 | D:1      | Reached skill level 1 in Fighting
   361 | D:1      | Reached XP level 2. HP: 14/16 MP: 3/6
   758 | D:1      | Reached XP level 3. HP: 15/22 MP: 5/7
  1400 | D:1      | Learned a level 2 spell: Throw Frost
  1404 | D:1      | Learned a level 3 spell: Ozocubu's Armour
  1448 | D:2      | Reached XP level 4. HP: 18/28 MP: 0/8
  2231 | D:2      | Gained mutation: You can fly continuously. [Tengu growth]
  2231 | D:2      | Reached XP level 5. HP: 23/32 MP: 9/9
  2339 | D:3      | Noticed Ijyb
  2351 | D:3      | Killed Ijyb
  2355 | D:3      | Noticed Sigmund
  2368 | D:3      | Killed Sigmund
  2368 | D:3      | Reached XP level 6. HP: 15/37 MP: 1/10
  2650 | D:3      | Noticed Grinder
  3130 | D:3      | Found a runed translucent gate.
  3130 | D:3      | Found a runed translucent gate.
  3130 | D:3      | Found an opulent altar of Gozag.
  3131 | D:3      | Found a runed translucent gate.
  3134 | D:3      | Noticed Mustard's ghost (amateur NaAE)
  3135 | D:3      | Noticed a hippogriff
  3370 | D:2      | Found a hazy altar of Hepliaklqana.
  3370 | D:2      | Found a blossoming altar of Fedhas.
  3374 | D:2      | Found a shattered altar of Ashenzari.
  3592 | D:4      | Noticed a sky beast
  3650 | D:4      | Found a sand-covered staircase.
  3663 | D:4      | Reached XP level 7. HP: 33/41 MP: 8/11
  3666 | Ossuary  | Entered an ossuary
  3752 | Ossuary  | Learned a level 4 spell: Throw Icicle
  4726 | Ossuary  | Reached skill level 5 in Conjurations
  5147 | Ossuary  | Reached XP level 8. HP: 31/46 MP: 1/12
  6140 | D:4      | Learned a level 4 spell: Summon Ice Beast
  6450 | D:4      | Reached skill level 5 in Spellcasting
  7213 | D:5      | Entered Level 5 of the Dungeon
  7359 | D:5      | Reached XP level 9. HP: 50/50 MP: 6/20
  7640 | D:5      | Found a large runed translucent door.
  7640 | D:5      | Found a large runed translucent door.
  7647 | D:5      | Noticed Think's ghost (novice HOWr)
  7764 | D:5      | Found Coicysur's Distillery.
  8001 | D:3      | Killed Mustard's ghost
  8001 | D:3      | Reached skill level 1 in Summonings
  8719 | D:6      | Found a staircase to the Ecumenical Temple.
  8729 | Temple   | Entered the Ecumenical Temple
  8965 | Temple   | Became a worshipper of Vehumet
 10336 | D:7      | Reached * piety under Vehumet
 10336 | D:7      | Offered knowledge of Sandblast by Vehumet.
 10914 | D:7      | Reached XP level 10. HP: 56/56 MP: 16/22
 11192 | D:8      | Reached skill level 5 in Summonings
 12089 | D:9      | Reached skill level 5 in Ice Magic
 12407 | D:9      | Offered knowledge of Shock by Vehumet.
 12413 | D:9      | Reached ** piety under Vehumet
 12565 | D:9      | Found a glowing golden altar of the Shining One.
 12977 | D:10     | Entered Level 10 of the Dungeon
 13217 | D:9      | Learned a level 4 spell: Fulminant Prism
 13343 | D:10     | Noticed a two-headed ogre
 13518 | D:10     | Killed an unseen horror
 13661 | D:10     | Killed a two-headed ogre
 14057 | D:10     | Reached XP level 11. HP: 42/60 MP: 9/23
 14072 | D:10     | Offered knowledge of Inner Flame by Vehumet.
 14110 | D:10     | Found a staircase to the Orcish Mines.
 14189 | D:10     | Reached *** piety under Vehumet
 14532 | D:10     | Found a staircase to the Lair.
 14589 | D:10     | Offered knowledge of Static Discharge by Vehumet.
 14709 | Lair:1   | Entered Level 1 of the Lair of Beasts
 15948 | Lair:2   | Found a staircase to the Snake Pit.
 16148 | Lair:2   | Noticed a seven-headed hydra
 16186 | Lair:2   | HP: 1/60 [seven-headed hydra (16)]
 16186 | Lair:2   | Mangled by a seven-headed hydra

Levels and vault maps discovered:
D:1:      dpeg_arrival_stone_temple_mockup, layout_rooms, minmay_hexomino_p4
D:2:      layout_loops_ring, nicolae_overflow_hidden_temple,
          roderic_st_hans_cross, minmay_circle_x
D:3:      layout_basic, first_ration, ebering_ghost_gozag, uniq_sigmund,
          uniq_grinder, uniq_ijyb
D:4:      layout_loops_corners, nicolae_ossuary_entry_giza,
          minmay_fire_ice_demons
D:5:      layout_loops_ring, ebering_ghost_disaster_area, serial_shops,
          nicolae_shop_waterfront
D:6:      layout_gridville, minmay_temple_entry_proselytizer
D:7:      layout_layer_cave, grunt_ogre_cave
D:8:      layout_loops_cross
D:9:      layout_grid_maze, tso_metal_star
D:10:     layout_loops_ring, lair_entry_dummy, zombieorc2_lemuel
Temple:   dpeg_five_rooms_temple
Lair:1:   layout_loops_ring, serial_bayou_shore_b
Lair:2:   layout_loops_ring, dummy_snake_entry
Ossuary:  ossuary_minmay_scorpions

Skill      XL: |  1  2  3  4  5  6  7  8  9 10 11 |
---------------+----------------------------------+-----
Fighting       | 1 2 3 |  3.0
Dodging        | 3 4 6 |  6.2
Conjurations   | 3 5 9 |  9.9
Ice Magic      | 3 4 8 9 |  9.0
Spellcasting   | 6 7 8 |  8.8
Summonings     | 4 7 |  7.0
Stealth        | |  2.0

Action                   |  1- 3 |  4- 6 |  7- 9 | 10-12 || total
-------------------------+-------+-------+-------+-------++-------
Melee: Unarmed           |    24 |       |       |       ||    24
       Dagger            |    59 |    93 |   301 |   215 ||   668
       Kick              |    10 |    28 |    71 |    62 ||   171
       Peck              |     5 |    12 |    55 |    35 ||   107
 Cast: Freeze            |    37 |    55 |   154 |    39 ||   285
       Throw Frost       |       |       |    45 |    20 ||    65
       Ozocubu's Armour  |       |       |     4 |     3 ||     7
       Throw Icicle      |       |       |    32 |    57 ||    89
       Summon Ice Beast  |       |       |     6 |    19 ||    25
       Fulminant Prism   |       |       |       |    12 ||    12
 Abil: Fly               |       |     1 |       |       ||     1
Evoke: Wand              |       |       |       |     2 ||     2
  Use: Scroll            |     2 |     6 |    13 |     8 ||    29
       Potion            |       |     3 |     6 |     1 ||    10
 Stab: Sleeping          |     3 |     7 |     5 |     5 ||    20
  Eat: Chunk             |     2 |     6 |    14 |    12 ||    34
       Ration            |       |     1 |     4 |     3 ||     8
Armor: Robe              |    22 |     8 |    18 |    25 ||    73
Dodge: Dodged            |    66 |    80 |   246 |   165 ||   557

Table legend:
 A = Non-vault XP
 B = Vault XP
 C = Vault XP percentage of total XP
 D = Non-vault monster count
 E = Vault monster count
 F = Vault count percentage of total count
                 A         B        C        D         E       F
            +---------+---------+-------+---------+---------+-------
      Total |   10493 |    2084 |  16.6 |     234 |      82 |  25.9
            +---------+---------+-------+---------+---------+-------
        D:1 |      60 |       7 |  10.4 |      32 |       4 |  11.1
        D:2 |      88 |      11 |  11.1 |      23 |       6 |  20.7
        D:3 |     107 |     620 |  85.3 |      15 |       7 |  31.8
        D:4 |     882 |      76 |   7.9 |      36 |       5 |  12.2
        D:5 |     468 |       0 |   0.0 |      15 |       0 |   0.0
        D:6 |     579 |      41 |   6.6 |      11 |       1 |   8.3
        D:7 |    1092 |     112 |   9.3 |      32 |       1 |   3.0
        D:8 |    1073 |       0 |   0.0 |      19 |       0 |   0.0
        D:9 |    1005 |       0 |   0.0 |      16 |       0 |   0.0
       D:10 |    2697 |     638 |  19.1 |      19 |      34 |  64.2
     Lair:1 |    1597 |       0 |   0.0 |      11 |       0 |   0.0
     Lair:2 |     845 |       0 |   0.0 |       5 |       0 |   0.0
    Ossuary |       0 |     579 | 100.0 |       0 |      24 | 100.0
            +---------+---------+-------+---------+---------+-------
